 Dungeon Crawl Stone Soup version 0.28-a0-224-g76b539d98b (webtiles) character file.

Game seed: 8905784438251129622

15008 Manisian the Cleaver (level 11, -3/79 (84) HPs)
             Began as a Demonspawn Artificer on Aug 22, 2021.
             Was a High Priest of Fedhas.
             Slain by an orc knight (18 damage)
             ... on level 2 of the Orcish Mines.
             The game lasted 00:40:18 (11971 turns).

Manisian the Cleaver (Demonspawn Artificer)        Turns: 11971, Time: 00:40:19

HP:   -3/79 (84)    AC: 23    Str: 16    XL:     11   Next: 96%
MP:   11/11         EV: 10    Int: 13    God:    Fedhas [*****.]
Gold: 982           SH:  0    Dex: 13    Spells: 10/10 levels left

rFire   . . .      SeeInvis +   J - +8 great sword (freeze)
rCold   . . .      Faith    .   (shield currently unavailable)
rNeg    . . .      Spirit   .   E - +0 plate armour {rPois}
rPois   +          Reflect  .   n - +1 helmet
rElec   .          Harm     .   C - +2 cloak {rPois}
rCorr   .          Rampage  .   (no gloves)
Will    .....                   t - +0 pair of boots
Stlth   ..........              x - amulet of regeneration
HPRegen 1.23/turn               B - ring of see invisible
MPRegen 0.12/turn               y - +4 ring of evasion

@: drained
A: talons 2, icy blue scales 2, powered by death 1, spiny 1
a: Renounce Religion, Wall of Briars, Grow Ballistomycete, Overgrow, Grow Oklob


You were on level 2 of the Orcish Mines.
You worshipped Fedhas.
Fedhas was extremely pleased with you.
You visited 3 branches of the dungeon, and saw 14 of its levels.

You collected 1092 gold pieces.
You spent 110 gold pieces at shops.

Inventory:

Hand Weapons
 a - a +0 club
 m - a +0 hand axe
 s - a +2 war axe
 G - a +3 great sword
 J - a +8 great sword of freezing (weapon)
Missiles
 k - 6 atropa-tipped darts
 r - 26 poisoned darts
 L - 2 throwing nets
Armour
 f - a +0 chain mail
 n - a +1 helmet (worn)
 t - a +0 pair of boots (worn)
 C - a +2 cloak of poison resistance (worn)
 D - a +1 plate armour
 E - a +0 plate armour of poison resistance (worn)
Jewellery
 h - a ring of flight
 i - a ring of protection from cold
 x - an amulet of regeneration (around neck)
 y - a +4 ring of evasion (right hand)
 B - a ring of see invisible (left hand)
 F - a +6 ring of dexterity
Wands
 c - a wand of flame (63) (quivered)
 d - a wand of charming (13)
 z - a wand of mindburst (13)
Scrolls
 j - 6 scrolls of identify
 M - 2 scrolls of amnesia
Potions
 b - 5 potions of lignification
 g - 7 potions of curing
 o - a potion of ambrosia
 p - a potion of might
 q - 3 potions of attraction
 u - 2 potions of degeneration
 v - 2 potions of cancellation
 I - 3 potions of flight
 O - a potion of mutation
Miscellaneous
 e - a piece from Xom's chessboard (15/15)
 K - a tin of tremorstones (2/2)


   Skills:
 + Level 7.2 Fighting
 + Level 9.1 Long Blades
 + Level 9.8 Axes
 + Level 0.9(6.2) Maces & Flails
 + Level 8.4 Armour
 + Level 2.5 Dodging
 + Level 1.4 Stealth
 + Level 2.3 Shields
 + Level 5.3 Evocations


You had 10 spell levels left.
You didn't know any spells.
Your spell library contained the following spells:

 Spells                   Type           Power      Damage    Failure   Level
 Magic Dart               Conj           0%         1d3       100%        1
 Sting                    Tmut/Pois      0%         1d3       100%        1
 Poisonous Vapours        Pois/Air       0%         N/A       100%        2
 Searing Ray              Conj           0%         3d3       100%        2
 Static Discharge         Conj/Air       0%         N/A       100%        2
 Dazzling Flash           Conj/Hex       0%         N/A       100%        3
 Airstrike                Air            0%         N/A       100%        4
 Fulminant Prism          Conj/Hex       0%         3d6       100%        4
 Olgreb's Toxic Radiance  Pois           0%         N/A       100%        4
 Summon Lightning Spire   Summ/Air       0%         N/A       100%        4
 Agony                    Necr           0%         N/A       100%        5
 Lightning Bolt           Conj/Air       0%         1d11      100%        5
 Silence                  Hex/Air        0%         N/A       100%        5
 Summon Forest            Summ/Tloc      0%         N/A       100%        5
 Summon Mana Viper        Hex/Summ       0%         N/A       100%        5
 Shadow Creatures         Summ           N/A        N/A       100%        6
 Maxwell's Capacitive Co  Air            0%         ∞         100%        8
 Chain Lightning          Conj/Air       0%         N/A       100%        9
 Fire Storm               Conj/Fire      0%         5d1       100%        9


Dungeon Overview and Level Annotations

Branches:
Dungeon (11/15)            Temple (1/1) D:5            Lair (0/6) D:11
    Orc (2/2) D:11
    Elf: Orc:2

Altars:
Ashenzari
Cheibriados
Dithmenos
Elyvilon
Fedhas
Gozag
Hepliaklqana
Kikubaaqudgha
Makhleb
Nemelex Xobeh
Okawaru
Qazlal
Ru
Sif Muna
Trog
Uskayaw
Vehumet
Wu Jian
Xom
Yredelemnul
Zin
The Shining One
Beogh

Shops:
D:1 [   D:3 [*!   D:7 ==[   Orc:2 [

Annotations:
D:3 2 transporters, jisko22's ghost, amateur GnWn


Innate Abilities, Weirdness & Mutations

You have razor-sharp toenails.
You are mostly covered in icy blue scales. (AC +3)
You regenerate a little health from kills.
You are partially covered in sharp spines.


Message History

There is a stone staircase leading up, spattered with blood here.
The orc knight closely misses you.
The orc knight is struck by your spines.
The orc knight hits you with a +0 bardiche!!
You see here a +0 club.
The orc knight hits you from afar with a +0 bardiche!
There is a stone staircase leading up, spattered with blood here.
The orc sorcerer is struck by your spines.
The orc sorcerer barely misses you.
The orc knight roars a battlecry!
The orc sorcerer goes into a battle-frenzy!
You hit the orc sorcerer. You freeze the orc sorcerer.
The orc sorcerer is heavily wounded.
The orc sorcerer closely misses you.
You riposte.
You completely miss the orc sorcerer.
The orc sorcerer is heavily wounded.
The orc knight roars a battlecry!
The orc sorcerer goes into a battle-frenzy!
The orc sorcerer gestures at you while chanting.
The bolt of negative energy hits you!!!
You feel drained.
Ouch! That really hurt!
* * * LOW HITPOINT WARNING * * *
You hit the orc sorcerer. You freeze the orc sorcerer.
The orc sorcerer is heavily wounded.
The orc sorcerer hits you but does no damage.
You closely miss the orc sorcerer.
The orc sorcerer is heavily wounded.
The orc knight misses you.
The orc sorcerer gestures at you while chanting.
The bolt of negative energy misses you.
You hit the orc sorcerer but do no damage.
The orc sorcerer is heavily wounded.
The orc knight hits you from afar with a +0 bardiche.
* * * LOW HITPOINT WARNING * * *
The orc sorcerer hits you with a +3 dagger.
* * * LOW HITPOINT WARNING * * *
The orc sorcerer mumbles some strange words.
The orc knight hits you from afar with a +0 bardiche!!
You die...
Fedhas appreciates your contribution to the ecosystem.

.##..........#
...............#....
......................
...................#.#..
.................##.....
≈≈≈≈.........#..........
#≈....................
#≈...#.@............###
#≈....o<)[............#
#≈...[[o[$.............
#≈..[#..#..............
#≈..4...#..............
##########≈o.##.#...............
≈≈≈≈≈≈≈≈≈≈≈.###.##......#...#...
........§...#....##.............
...........#....##..............


You could see an orc knight, a chaos spawn (summoned) and 2 orc sorcerers.

Vanquished Creatures
  A hydra (D:11)
  A boulder beetle (D:11)
  An orc knight (Orc:1)
  2 orc sorcerers (Orc:1)
  An ugly thing (D:11)
  A cyclops (Orc:2)
  A manticore (D:10)
  A komodo dragon (D:11)
  A troll (Orc:1)
  2 hornets (D:10)
  A shadow (D:11)
  3 wyverns
  19 yaks
  4 vampire mosquitoes (D:7)
  2 steam dragons
  3 water moccasins
  An acid dragon (D:11)
  A sky beast (D:7)
  14 orc warriors
  A necrophage (D:7)
  2 black bears
  4 ogres
  A phantom (D:7)
  3 kobold brigands
  2 bullfrogs
  A wyvern zombie (D:8)
  A gnoll sergeant (D:10)
  2 scorpions
  7 killer bees
  5 wights
  2 electric eels
  3 howler monkeys (D:11)
  5 centaur zombies
  A lava snake (D:10)
  5 jellies
  A gnoll shaman (D:6)
  13 orc priests
  2 bullfrog skeletons
  3 hounds
  2 iguanas
  Ijyb (D:5)
  16 orc wizards
  A hound zombie (D:4)
  A hound skeleton (D:4)
  4 howler monkey zombies
  16 gnolls
  A howler monkey skeleton (D:6)
  12 adders
  3 white imps
  An ufetubus (D:6)
  An adder skeleton (D:4)
  2 worms (D:4)
  5 dart slugs
  50 orcs
  7 bats
  7 endoplasms
  7 giant cockroaches
  5 goblins
  5 hobgoblins
  9 jackals
  6 quokkas
  10 ball pythons
  A frilled lizard (D:3)
  10 kobolds
  9 rats
316 creatures vanquished.

Vanquished Creatures (collateral kills)
  3 killer bees (D:11)
3 creatures vanquished.

Vanquished Creatures (others)
  A gnoll sergeant (D:11)
  An orc (D:9)
  7 fungi (D:6)
  14 plants
23 creatures vanquished.

Grand Total: 342 creatures vanquished

Notes
Turn   | Place    | Note
-------+----------+-------------------------------------------
     0 | D:1      | Manisian the Demonspawn Artificer began the quest for the
                  | Orb.
     0 | D:1      | Reached XP level 1. HP: 15/15 MP: 1/1
   393 | D:1      | Reached skill level 1 in Dodging
   393 | D:1      | Gained mutation: You are partially covered in sharp spines.
                  | [demonic ancestry]
   393 | D:1      | Reached XP level 2. HP: 14/21 MP: 2/2
   583 | D:1      | Found Deof's Armour Shop.
   638 | D:1      | Reached skill level 1 in Stealth
   973 | D:2      | Reached XP level 3. HP: 24/26 MP: 3/3
  1697 | D:2      | Gained mutation: You have sharp toenails. [demonic
                  | ancestry]
  1697 | D:2      | Reached XP level 4. HP: 32/32 MP: 4/4
  1930 | D:3      | Found a snail-covered altar of Cheibriados.
  1995 | D:3      | Found a transporter.
  2001 | D:3      | Identified the +4 halberd "Ysmaqusull" {venom, *Rage
                  | Fragile rCorr Str+8}
  2027 | D:3      | Noticed jisko22's ghost (amateur GnWn)
  2041 | D:3      | Found a transporter.
  2070 | D:3      | Reached skill level 1 in Axes
  2096 | D:3      | Found a stormy altar of Qazlal.
  2174 | D:3      | Found Houvezamp's General Store.
  2317 | D:3      | Found Reugadgh's Distillery.
  2507 | D:3      | Found a faded altar of an unknown god.
  2531 | D:3      | Found Ufoar's Antique Armour Shop.
  2956 | D:4      | Noticed a kobold brigand
  2964 | D:4      | Killed a kobold brigand
  2965 | D:4      | Reached XP level 5. HP: 35/38 MP: 5/5
  3406 | D:4      | Gained mutation: You are partially covered in icy blue
                  | scales. (AC +2) [demonic ancestry]
  3406 | D:4      | Reached XP level 6. HP: 38/44 MP: 6/6
  3679 | D:4      | Found a radiant altar of Vehumet.
  4007 | D:5      | Entered Level 5 of the Dungeon
  4027 | D:5      | Found a staircase to the Ecumenical Temple.
  4069 | Temple   | Entered the Ecumenical Temple
  4305 | Temple   | Became a worshipper of Fedhas Madash
  4414 | D:5      | Found a basalt altar of Yredelemnul.
  4421 | D:5      | Found a sacrificial altar of Ru.
  4662 | D:5      | Reached XP level 7. HP: 43/50 MP: 7/7
  5314 | D:5      | Noticed Ijyb
  5322 | D:5      | Killed Ijyb
  5413 | D:5      | Reached * piety under Fedhas
  5772 | D:6      | Noticed a steam dragon
  5782 | D:6      | Killed a steam dragon
  5783 | D:6      | Reached skill level 5 in Axes
  6211 | D:6      | Gained mutation: You have razor-sharp toenails. [demonic
                  | ancestry]
  6211 | D:6      | Reached XP level 8. HP: 57/57 MP: 8/8
  6673 | D:1      | Bought a +0 cloak of poison resistance for 110 gold pieces
  6862 | D:7      | Reached skill level 1 in Shields
  6866 | D:7      | Found Muihoruf's Jewellery Shop.
  6898 | D:7      | Reached skill level 5 in Armour
  6951 | D:7      | Found a burning altar of Makhleb.
  7069 | D:7      | Found Heobbis's Antique Armour Emporium.
  7129 | D:7      | Gained mutation: You are mostly covered in icy blue scales.
                  | (AC +3) [demonic ancestry]
  7129 | D:7      | Reached XP level 9. HP: 59/64 MP: 9/9
  7219 | D:7      | Found Hethrema's Jewellery Shop.
  7482 | D:8      | Found a bloodstained altar of Trog.
  7580 | D:8      | Reached ** piety under Fedhas
  8127 | D:8      | Reached skill level 5 in Evocations
  8127 | D:8      | Gained mutation: You regenerate a little health from kills.
                  | [demonic ancestry]
  8127 | D:8      | Reached XP level 10. HP: 73/73 MP: 10/10
  8237 | D:8      | Found a hide-covered altar of Uskayaw.
  8620 | D:9      | Reached skill level 5 in Fighting
  8620 | D:9      | Reached skill level 1 in Long Blades
  8662 | D:9      | Reached *** piety under Fedhas
  9075 | D:10     | Entered Level 10 of the Dungeon
  9270 | D:10     | Reached skill level 5 in Long Blades
  9312 | D:10     | Reached **** piety under Fedhas
  9631 | D:10     | Noticed a manticore
  9642 | D:10     | Killed a manticore
  9643 | D:10     | Reached XP level 11. HP: 71/81 MP: 11/11
  9949 | D:11     | Noticed a six-headed hydra
  9985 | D:11     | Killed a six-headed hydra
 10118 | D:11     | Reached ***** piety under Fedhas
 10145 | D:11     | Found a staircase to the Orcish Mines.
 10241 | D:11     | Noticed a boulder beetle
 10284 | D:11     | Noticed a brown ugly thing
 10421 | D:11     | Found a staircase to the Lair.
 10484 | D:11     | Killed a brown ugly thing
 10685 | D:11     | Killed a boulder beetle
 10879 | Orc:1    | Entered Level 1 of the Orcish Mines
 10906 | Orc:1    | Noticed an orc sorcerer
 11078 | Orc:1    | Killed an orc sorcerer
 11382 | Orc:2    | Entered Level 2 of the Orcish Mines
 11382 | Orc:2    | Noticed an orc knight
 11407 | Orc:1    | Killed an orc knight
 11835 | Orc:2    | Noticed an orc sorcerer
 11836 | Orc:2    | Found Enuiwnem's Antique Armour Shoppe.
 11837 | Orc:2    | Noticed an orc sorcerer
 11843 | Orc:2    | Noticed a sixfirhy
 11850 | Orc:2    | Noticed an orc knight
 11850 | Orc:2    | Noticed an orc sorcerer
 11958 | Orc:1    | Killed an orc sorcerer
 11971 | Orc:2    | Slain by an orc knight

Illustrated notes

Levels and vault maps discovered:
D:1:      erik_arrival_orb_chamber, layout_rooms, serial_shops, shop
D:2:      layout_basic
D:3:      layout_loops_ring, mainiacjoe_overflow_alcove_1,
          chequers_temple_overflow_statue_of_worship,
          chequers_ecumenical_altar_grove, gammafunk_ghost_gnarly_gnolls,
          serial_shops, shop, nicolae_diamond_shop,
          nicolae_shop_temple_entry_statues_fountains, kennysheep_generic_room_3
D:4:      layout_basic, mainiacjoe_overflow_six_doors_small, minmay_small_thing
D:5:      layout_layer_cave, amethyst_overflow_temple_binary,
          minmay_temple_entry_overgrown, gup_sewer_entry_pipe, uniq_ijyb
D:6:      layout_loops_corners, serial_aquarium, aquarium_bridge_square
          [aquarium_subvault_bridge, aquarium_subvault_bridge,
          aquarium_subvault_bridge, aquarium_subvault_window],
          aquarium_window_1, aquarium_window_fake, aquarium_view_2e,
          aquarium_pool_2, corexii_shack, minmay_holes
D:7:      layout_rooms, mainiacjoe_overflow_surrounded_room, serial_shops,
          kennysheep_little_box, shop, nicolae_shop_behind_doors
D:8:      layout_basic, nicolae_uskayaw_dance_studio,
          mainiacjoe_overflow_tiny_flanked
D:9:      layout_long_grid, minivault_16
D:10:     layout_irregular_city, nicolae_lava_and_water,
          introduction_to_nature_2
D:11:     layout_loops_ring, lair_entry_dummy, hiddenorc1_lemuel,
          kennysheep_generic_room_14
Temple:   oiseaux_autumnal_temple
Orc:1:    layout_caves
Orc:2:    st_orc_elflike, layout_caves, basic_altar, serial_shops,
          shop_fountains, nooodl_orcs_dogs

Skill      XL: |  1  2  3  4  5  6  7  8  9 10 11 |
---------------+----------------------------------+-----
Dodging        | 1 2 |  2.5
Stealth        | 1 |  1.4
Armour         | 2 3 4 5 6 7 8 |  8.4
Axes           | 2 4 5 7 9 |  9.8
Fighting       | 2 3 4 6 7 |  7.2
Shields        | 1 2 |  2.3
Evocations     | 4 5 |  5.3
Long Blades    | 6 9 |  9.1
Maces & Flails | |  0.9

Action                   |  1- 3 |  4- 6 |  7- 9 | 10-12 || total
-------------------------+-------+-------+-------+-------++-------
Melee: Club              |    35 |       |       |       ||    35
       Hand axe          |    36 |       |       |       ||    36
       War axe           |    14 |   107 |   207 |    32 ||   360
       Kick              |       |    12 |       |       ||    12
       Great sword       |       |       |       |   339 ||   339
Evoke: Wand              |     1 |       |    24 |    17 ||    42
  Use: Scroll            |     2 |    10 |     4 |    10 ||    26
       Potion            |       |       |       |     4 ||     4
 Stab: Sleeping          |     1 |       |       |       ||     1
Armor: Chain mail        |    59 |    78 |    47 |       ||   184
       Leather armour    |     5 |       |       |       ||     5
       Plate armour      |       |       |    91 |   293 ||   384
Dodge: Dodged            |    34 |    34 |   116 |   238 ||   422
Block: Buckler           |       |     5 |    38 |     9 ||    52
       Rpst.: Great sword |       |       |       |    46 ||    46

Table legend: (Time is in decaauts)
 A = Elapsed time spent in this place.
 B = Non-inter-level travel time spent in this place.
 C = Inter-level travel time spent in this place.
 D = Time resting spent in this place.
 E = Time spent auto-exploring this place.
 F = Levels seen in this place.
 G = Mean time per level.
                   A        B        C        D        E       F      G
               +--------+--------+--------+--------+--------+-----+--------+
         Total |  12242 |  11500 |    742 |   1312 |   4716 |  14 |  874.4 |
       Dungeon |  10970 |  10328 |    642 |   1150 |   4525 |  11 |  997.3 |
        Temple |    317 |    217 |    100 |      0 |    191 |   1 |  317.0 |
  Orcish Mines |    954 |    954 |      0 |    162 |      0 |   2 |  477.0 |
               +--------+--------+--------+--------+--------+-----+--------+

Top non-repeatable levels by time:
     D:4: 1336 daAuts
     D:5: 1336 daAuts
    D:11: 1235 daAuts
     D:2: 1055 daAuts
     D:6: 1040 daAuts
     D:8: 956 daAuts
     D:1: 935 daAuts
     D:3: 920 daAuts
    D:10: 842 daAuts
     D:9: 749 daAuts
     D:7: 564 daAuts
   Orc:1: 517 daAuts
   Orc:2: 436 daAuts
  Temple: 317 daAuts
